 Dungeon Crawl Stone Soup version 0.31-a0-360-gb3e1d13bf4 (webtiles) character file.

Game seed: 7647562455040825387

217940 Shard1697 the Envoy of Void (level 17, -4/154 HPs)
             Began as an Armataur Gladiator on July 27, 2023.
             Was a High Priest of Lugonu.
             Slain by a fire elemental (6 damage)
             ... summoned by a deep elf pyromancer
             ... while paralysed by an orc sorcerer
             ... on level 2 of the Orcish Mines.
             The game lasted 01:09:24 (38236 turns).

Shard1697 the Envoy of Void (Armataur Gladiator)   Turns: 38236, Time: 01:09:24

Health: -4/154     AC: 16    Str: 20    XL:     17   Next: 96%
Magic:  28/28      EV:  1    Int:  9    God:    Lugonu [*****.]
Gold:   2145       SH:  0    Dex: 26    Spells: 16/16 levels left

rFire   . . .        a - +2 scimitar (drain)
rCold   + . .        Y - +2 kite shield {rPois}
rNeg    + + .        o - +6 leather armour "Tumusoi" {rN++ Str+3}
rPois   +            K - +2 helmet
rElec   .            i - +0 cloak
rCorr   .            w - +0 pair of gloves
SInv    .            (no barding)
Will    +....        U - amulet of reflection
Stlth   ++           T - +6 ring of dexterity
HPRegen 0.45/turn    f - ring of protection from cold
MPRegen 0.21/turn

%: reflection, roll
@: paralysed, spiked, studying Unarmed Combat
A: large, rugged brown scales 3, deformed body, armoured tail, roll, long
tongue, awkward tongue, weak 1
}: 2/15 runes: decaying, gossamer
a: Renounce Religion, Depart the Abyss, Banish, Corrupt, Enter the Abyss


You were on level 2 of the Orcish Mines.
You worshipped Lugonu.
Lugonu was extremely pleased with you.
You visited 8 branches of the dungeon, and saw 33 of its levels.
You also visited: Ossuary and Ice Cave.

You collected 2651 gold pieces.
You spent 506 gold pieces at shops.

Inventory:

Hand Weapons
 a - a +2 scimitar of draining (weapon)
 b - a +2 scimitar of holy wrath
 P - the +7 rapier of the Gnashing Visionary {heavy, rPois rC+}
   (You found it on level 1 of the Lair of Beasts)

   rC:        It protects you from cold.
   rPois:     It protects you from poison.
Missiles
 V - a throwing net
Armour
 i - a +0 cloak (worn)
 o - the +6 leather armour "Tumusoi" (worn) {rN++ Str+3}
   (You found it on level 3 of the Dungeon)

   Str:       It affects your strength (+3).
   rN:        It greatly protects you from negative energy.
 w - a +0 pair of gloves (worn)
 K - a +2 helmet (worn)
 W - a +2 plate armour of willpower
 Y - a +2 kite shield of poison resistance (worn)
Jewellery
 f - a ring of protection from cold (right hand)
 l - a ring of willpower
 n - an amulet of regeneration
 z - an amulet of guardian spirit
 E - a ring of protection from fire
 M - a ring of see invisible
 R - a +5 ring of evasion
 T - a +6 ring of dexterity (left hand)
 U - an amulet of reflection (around neck)
Wands
 q - a wand of iceblast (11)
 B - a wand of paralysis (31)
 I - a wand of mindburst (23)
 J - a wand of flame (7)
 L - a wand of light (18)
 S - a wand of polymorph (9)
Scrolls
 d - 3 scrolls of revelation
 g - 6 scrolls of poison
 m - 16 scrolls of teleportation
 t - 6 scrolls of enchant weapon
 y - 8 scrolls of fog
 A - 6 scrolls of blinking
 N - 11 scrolls of identify
 Q - 6 scrolls of vulnerability
 X - a scroll of fear
 Z - a scroll of enchant armour
Potions
 c - 5 potions of lignification
 e - 5 potions of curing
 h - 2 potions of heal wounds
 j - 7 potions of enlightenment
 k - 10 potions of ambrosia
 p - 2 potions of cancellation
 r - 3 potions of might
 s - 4 potions of haste
 u - 4 potions of magic
 x - a potion of attraction
 C - 8 potions of mutation
 F - 8 potions of brilliance
 H - 5 potions of resistance
Miscellaneous
 v - a lightning rod (4/4)
 D - a condenser vane
 O - a phantom mirror


   Skills:
 - Level 11.0 Fighting
 - Level 14.2 Long Blades
 - Level 1.7 Throwing
 + Level 4.4 Armour
 - Level 14.3 Dodging
 - Level 15.0 Shields
 - Level 15.6 Invocations


You had 16 spell levels left.
You didn't know any spells.
Your spell library contained the following spells:

 Spells                   Type           Power      Damage    Failure   Level
 Apportation              Tloc           0%         N/A       58%         1
 Kiss of Death            Conj/Necr      0%         2d5       58%         1
 Necrotise                Necr           0%         1d4       58%         1
 Summon Small Mammal      Summ           0%         N/A       58%         1
 Lesser Beckoning         Tloc           0%         N/A       75%         2
 Sublimation of Blood     Necr           0%         N/A       75%         2
 Wereblood                Tmut           0%         N/A       75%         2
 Confusing Touch          Hex            0%         N/A       92%         3
 Dazzling Flash           Conj/Hex       0%         N/A       92%         3
 Gell's Gravitas          Tloc           0%         N/A       92%         3
 Stone Arrow              Conj/Erth      0%         3d7       92%         3
 Teleport Other           Tloc           0%         N/A       92%         3
 Animate Armour           Summ/Erth      0%         N/A       100%        4
 Dispel Undead            Necr           0%         3d6       100%        4
 Agony                    Necr           0%         N/A       100%        5
 Alistair's Intoxication  Tmut/Pois      0%         N/A       100%        5
 Irradiate                Conj/Tmut      0%         3d11      100%        5
 Silence                  Hex/Air        0%         N/A       100%        5
 Summon Forest            Summ/Tloc      0%         N/A       100%        5
 Eringya's Noxious Bog    Tmut/Pois      0%         4d6       100%        6
 Simulacrum               Ice/Necr       0%         N/A       100%        6
 Ozocubu's Refrigeration  Ice            0%         4d7       100%        7
 Summon Hydra             Summ           0%         N/A       100%        7
 Lehudib's Crystal Spear  Conj/Erth      0%         10d2      100%        8
 Polar Vortex             Ice            0%         N/A       100%        9


Dungeon Overview and Level Annotations

Branches:
Dungeon (15/15)            Temple (0/1) D:4            Lair (5/5) D:8
  Swamp (4/4) Lair:3       Spider (4/4) Lair:2        Slime (0/5) Lair:4
    Orc (2/2) D:11            Elf (1/3) Orc:2        Vaults (1/5) D:14
 Depths (1/4) D:15        Ossuary (visited)           IceCv (visited)

Altars:
Cheibriados
Elyvilon
Gozag
Kikubaaqudgha
Qazlal
Uskayaw
Vehumet
Xom
Yredelemnul
Zin
The Shining One
Lugonu

Shops:
Orc:2 (?!

Annotations:
D:8 3 runed translucent doors, Starbright's ghost, novice BaRe
Lair:5 corrupted, 3 runed translucent doors
Swamp:1 1 runed translucent door, hashsling's ghost, journeyman BaGl
Spider:4 Roxanne
Abyss:1 Bai Suzhen; Donald; Dordric's ghost, journeyman TrSh; Louise; Psyche; Rupert


Innate Abilities, Weirdness & Mutations

You are completely covered in rugged brown scales. (AC +3, +7% HP)
Armour fits poorly on your strangely shaped body.
You have a long armoured tail.
You roll when moving toward enemies. (Rampage)
Your long tongue fully drains potion bottles. (2x potion effects)
Your tongue gives you trouble enunciating. (1.5x scroll delay)
You are weak. (Str -2)


Message History

You hit the orc sorcerer.
The orc sorcerer is lightly wounded.
You block the red devil's attack.
The orc sorcerer hits you but does no damage.
You barely miss the orc sorcerer.
The orc sorcerer is lightly wounded.
The red devil completely misses you.
You hit the orc sorcerer but do no damage.
You drain the orc sorcerer.
You tail-slap the orc sorcerer, but do no damage.
The orc sorcerer is lightly wounded.
The orc sorcerer casts a spell at you.
You suddenly lose the ability to move!
The deep elf pyromancer gestures wildly while chanting.
The red devil hits you with a +0 trident!!
Barbed spikes become lodged in your body.
The fire elemental hits you. The fire elemental burns you!
The orc sorcerer hits you but does no damage.
The deep elf pyromancer casts a spell at you.
The sticky flame hits you.
You are covered in liquid flames!
The fire elemental hits you. The fire elemental burns you!
The fire elemental hits you. The fire elemental burns you!
* * * LOW HITPOINT WARNING * * *
The red devil hits you with a +0 trident!
* * * LOW HITPOINT WARNING * * *
Barbed spikes become lodged in your body.
You are covered in liquid flames!
* * * LOW HITPOINT WARNING * * *
The fire elemental hits you. The fire elemental burns you!
* * * LOW HITPOINT WARNING * * *
The orc sorcerer barely misses you. The fire elemental hits you.
* * * LOW HITPOINT WARNING * * *
The fire elemental burns you!
* * * LOW HITPOINT WARNING * * *
The fire elemental hits you. The fire elemental burns you!
* * * LOW HITPOINT WARNING * * *
The red devil hits you but does no damage.
The fire elemental hits you. The fire elemental burns you!
You die...

.##)........^..........##≈≈#_....
...........<...........###≈###8..
..)....................####§≈...#
........................####≈≈≈##
.....#.............#.....#######≈
##.........)...°..#.......## #≈
...........#..........#....# ##≈
.....#.....<##.EEe##[...#.## #∩.
.#...##..#.^...4@E.[[....## ##≈
.##.#######.#....o#[<)...# #≈
..### ##..........##.##.## #≈ .##
#.....#.....####### ## ##
##...###.....## # ##### ###....#
###.## ###


You could see a deep elf pyromancer, 3 fire elementals, an orc sorcerer
(drained) and a red devil (summoned).

Vanquished Creatures
  Mara (Spider:3)
  Jorgrun (Swamp:3)
  A tentacled monstrosity (Swamp:3)
  Gastronok (D:9)
  3 thorn hunters (Swamp:3)
  Aizul (Swamp:2)
  3 emperor scorpions
  4 ghost moths
  A broodmother (Spider:2)
  A reaper (IceCv)
  3 eleionomae
  A bunyip (Swamp:2)
  Josephine (Orc:2)
  2 entropy weavers
  12 hydras
  An ice dragon (Swamp:3)
  A shambling mangrove (Swamp:2)
  A jorogumo (Spider:2)
  A ghost crab (Swamp:1)
  4 ogre magi
  2 centaur warriors (D:13)
  2 catoblepae
  2 boulder beetles
  7 alligators
  9 two-headed ogres
  A deep troll shaman (Lair:5)
  A tengu warrior (D:14)
  8 death yaks (Lair:5)
  4 demonic crawlers
  3 orc high priests
  Nergalle (D:10)
  Urug (D:10)
  A deep elf knight (Orc:2)
  3 goliath frogs
  A shadow wraith (D:14)
  6 pharaoh ants
  2 skysharks
  A sun moth (Spider:1)
  4 orb spiders
  10 swamp dragons
  A spriggan druid (Lair:3)
  A deep troll (D:15)
  A harpy (shapeshifter) (D:15)
  A deep elf archer (Elf:1)
  5 bog bodies
  6 steelbarb worms
  3 deep elf pyromancers
  An orc knight (Orc:2)
  2 lindwurms
  A necromancer (D:15)
  9 orc sorcerers
  29 wolf spiders
  A wizard (D:15)
  26 ugly things
  8 cyclopes
  A will-o-the-wisp (Swamp:2)
  5 manticores
  8 elephants
  5 moths of wrath
  3 black mambas
  2 naga magi (D:15)
  4 torpor snails
  A gargoyle (D:12)
  A centaur skeleton (D:15)
  2 ice statues (IceCv)
  A redback zombie (D:15)
  Maggie (D:7)
  12 cane toads
  9 komodo dragons
  3 rime drakes
  A komodo dragon (shapeshifter) (D:14)
  An unseen horror (D:10)
  A freezing wraith (D:15)
  An anaconda simulacrum (IceCv)
  5 ice devils (IceCv)
  A bloated husk (Swamp:1)
  3 meliai (Spider:3)
  8 trolls
  A harpy zombie (D:15)
  7 hornets
  13 tarantellas
  5 tyrant leeches
  12 blink frogs
  4 slime creatures (D:13)
  A meliai zombie (D:15)
  4 wyverns
  34 jumping spiders
  A water elemental (D:15)
  A vampire (D:14)
  7 wraiths
  19 culicivoras
  A shadow (D:9)
  40 yaks
  5 spriggans
  8 basilisks
  48 redbacks
  Grum (D:9)
  6 vampire mosquitoes
  5 wargs
  10 swamp worms
  3 acid dragons
  2 harpy simulacra (IceCv)
  13 water moccasins
  7 hydra simulacra (IceCv)
  Duvessa (D:6)
  11 orc warriors
  2 sky beasts (D:8)
  2 black bears
  8 swamp drakes
  5 ogres
  4 centaurs
  12 wolves
  An elf zombie (Ossuary)
  2 kobold brigands
  7 gnoll sergeants
  A necrophage (D:5)
  2 scorpions (D:6)
  9 bullfrogs
  2 cane toad simulacra (IceCv)
  8 wights
  Dowan (D:6)
  5 killer bees (D:9)
  2 electric eels
  7 howler monkeys
  A bullfrog zombie (D:5)
  A centaur zombie (Ossuary)
  6 hounds
  A jelly (D:4)
  3 human zombies
  2 orc priests
  2 sleepcaps
  2 iguanas
  23 orc wizards
  2 scorpion zombies (D:5)
  A troll simulacrum (IceCv)
  Natasha (twice) (D:4)
  A boggart zombie (D:15)
  6 hell rats (Lair:2)
  A killer bee zombie (D:5)
  A wolf simulacrum (IceCv)
  2 hound zombies (D:5)
  4 mummies
  27 gnolls
  A naga simulacrum (IceCv)
  5 adders
  13 white imps
  An ufetubus (D:5)
  3 adder zombies
  4 worms
  A dart slug (D:1)
  39 orcs
  8 ball pythons
  5 bats
  5 endoplasms
  3 giant cockroaches
  8 goblins
  13 hobgoblins
  7 jackals
  3 quokkas
  A frilled lizard (D:2)
  3 goblin zombies (Ossuary)
  14 hobgoblin zombies (Ossuary)
  15 kobolds
  9 kobold zombies (Ossuary)
  5 orc zombies (Ossuary)
  5 rats
896 creatures vanquished.

Vanquished Creatures (others)
  The ghost of freelancePsychic the Warrior, a journeyman OgWn of Cheibriados (Lair:5)
  The ghost of Palms the Grappler, a journeyman DrWr of Dithmenos (Lair:5)
  4 death yaks (Lair:5)
  A deep elf archer (Elf:1)
  3 elephants (Lair:5)
  A cane toad (Lair:5)
  A komodo dragon (Lair:5)
  3 bloated husks
  7 dream sheep (Lair:5)
  3 blink frogs (Lair:5)
  2 water moccasins (Lair:5)
  2 black bears (Lair:5)
  4 wolves (Lair:5)
  2 orc wizards (Orc:2)
  2 orcs (Orc:2)
  8 foxfires (Swamp:2)
45 creatures vanquished.

Grand Total: 941 creatures vanquished

Notes
Turn   | Place    | Note
-------+----------+-------------------------------------------
     0 | D:1      | Shard1697 the Armataur Gladiator began the quest for the
                  | Orb.
     0 | D:1      | Reached XP level 1. HP: 18/18 MP: 1/1
    82 | D:1      | Found a faded altar of an unknown god.
    95 | D:1      | Prayed at the altar of an unknown god.
    95 | D:1      | Became a worshipper of Lugonu the Unformed
    95 | D:1      | Reached * piety under Lugonu
   157 | D:1      | Reached XP level 2. HP: 22/25 MP: 2/2
   254 | D:1      | Reached skill level 1 in Invocations
   571 | D:1      | Reached XP level 3. HP: 29/31 MP: 3/3
   782 | D:2      | Reached ** piety under Lugonu
  1462 | D:3      | Identified the +6 leather armour "Tumusoi" {rN++ Str+3}
  2197 | D:4      | Reached XP level 4. HP: 38/38 MP: 5/5
  2301 | D:4      | Reached XP level 5. HP: 36/43 MP: 6/6
  2349 | D:4      | Noticed Natasha
  2358 | D:4      | Killed Natasha
  2578 | D:4      | Reached skill level 5 in Long Blades
  2604 | D:4      | Reached XP level 6. HP: 14/51 MP: 3/8
  2916 | D:4      | Found a staircase to the Ecumenical Temple.
  2986 | D:4      | Noticed Natasha
  2991 | D:4      | Killed Natasha
  3139 | D:5      | Entered Level 5 of the Dungeon
  3446 | D:5      | Found a snail-covered altar of Cheibriados.
  3448 | D:5      | Reached *** piety under Lugonu
  3747 | D:5      | Found a white marble altar of Elyvilon.
  4063 | D:5      | Found an ancient bone altar of Kikubaaqudgha.
  4081 | D:5      | Reached XP level 7. HP: 55/56 MP: 9/9
  4093 | D:5      | Reached skill level 1 in Shields
  4456 | D:6      | Identified a scroll of acquirement
  4456 | D:6      | Acquired a +1 scimitar of holy wrath
  4476 | D:6      | Found a sand-covered staircase.
  4483 | Ossuary  | Entered an ossuary
  4597 | Ossuary  | Reached **** piety under Lugonu
  4681 | Ossuary  | Reached XP level 8. HP: 66/66 MP: 11/11
  4973 | D:6      | Reached skill level 5 in Invocations
  5217 | D:6      | Reached ***** piety under Lugonu
  6052 | D:6      | Reached XP level 9. HP: 77/77 MP: 13/13
  6291 | D:7      | Reached skill level 5 in Fighting
  6471 | D:7      | Noticed Maggie
  6472 | D:7      | Noticed Dowan
  6474 | D:7      | Noticed Duvessa
  6518 | D:6      | Killed Duvessa
  6531 | D:6      | Killed Dowan
  6637 | D:7      | Killed Maggie
  6870 | D:7      | Reached skill level 5 in Shields
  7246 | D:8      | Noticed an elephant
  7281 | D:8      | Found a staircase to the Lair.
  7284 | D:8      | Killed an elephant
  7288 | D:8      | Reached XP level 10. HP: 78/89 MP: 14/14
  7332 | D:8      | Noticed a two-headed ogre
  7343 | D:8      | Killed a two-headed ogre
  7400 | D:8      | Found a stormy altar of Qazlal.
  7629 | D:8      | Found a runed translucent gate.
  7639 | D:8      | Found a runed translucent gate.
  7639 | D:8      | Found a runed translucent gate.
  7640 | D:8      | Noticed Starbright's ghost (novice BaRe)
  7831 | D:9      | You fall into a shaft and drop 1 floor!
  7831 | D:10     | Entered Level 10 of the Dungeon
  8074 | D:9      | Identified the +5 mace of Blood-Lust {drain, rN+}
  8155 | D:9      | Reached skill level 10 in Long Blades
  8462 | D:9      | Found a shimmering altar of Xom.
  8471 | D:9      | Found a basalt altar of Yredelemnul.
  8556 | D:9      | Noticed Gastronok
  8575 | D:9      | Killed Gastronok
  8590 | D:9      | Noticed Grum
  8606 | D:8      | Reached XP level 11. HP: 72/101 MP: 16/16
  8696 | D:9      | Killed Grum
  8752 | D:10     | Noticed a two-headed ogre
  8763 | D:10     | Killed a two-headed ogre
  9111 | D:10     | Noticed Nergalle
  9127 | D:10     | Killed Nergalle
  9264 | D:10     | Noticed Urug
  9421 | D:10     | Killed Urug
  9965 | D:11     | Found a stormy altar of Qazlal.
 10257 | D:11     | Found a staircase to the Orcish Mines.
 10291 | D:11     | Reached ****** piety under Lugonu
 10744 | D:11     | Reached skill level 10 in Fighting
 10856 | Lair:1   | Entered Level 1 of the Lair of Beasts
 11053 | Lair:1   | Reached XP level 12. HP: 100/113 MP: 18/18
 11232 | Lair:1   | Found a runed translucent door.
 11232 | Lair:1   | Noticed Dordric's ghost (journeyman TrSh)
 11849 | Lair:1   | Banished Dordric's ghost
 11858 | Lair:1   | Identified the +7 rapier of the Gnashing Visionary {heavy,
                  | rPois rC+}
 11900 | Lair:2   | Noticed a four-headed hydra
 11902 | Lair:2   | Banished a four-headed hydra
 11968 | Lair:2   | Found a hole to the Spider Nest.
 13105 | Lair:3   | Found a staircase to the Swamp.
 13284 | Lair:3   | Reached XP level 13. HP: 121/121 MP: 20/20
 13702 | Lair:3   | Reached skill level 10 in Invocations
 14090 | Lair:4   | Reached skill level 5 in Dodging
 14212 | Lair:4   | Found a staircase to the Slime Pits.
 14394 | Lair:4   | You fall into a shaft and drop 1 floor!
 14394 | Lair:5   | Entered Level 5 of the Lair of Beasts
 14755 | Lair:5   | Found a frozen archway.
 14787 | IceCv    | Entered an ice cave
 15429 | IceCv    | Noticed a reaper
 15437 | IceCv    | Killed a reaper
 15990 | Lair:5   | Corrupted Lair:5
 15990 | Lair:5   | Noticed a bone dragon
 15992 | Lair:5   | Noticed a cyan very ugly thing
 16018 | Lair:5   | Killed freelancePsychic's ghost
 16023 | Lair:5   | Killed Palms's ghost
 16095 | Lair:5   | Reached XP level 14. HP: 82/130 MP: 22/22
 16465 | Lair:5   | Found a runed translucent gate.
 16465 | Lair:5   | Found a runed translucent gate.
 16466 | Lair:5   | Found a runed translucent gate.
 17238 | D:12     | Noticed Psyche
 17241 | D:12     | Banished Psyche
 17704 | D:12     | Found a hide-covered altar of Uskayaw.
 18528 | D:13     | Reached skill level 10 in Shields
 19546 | D:14     | Found a white marble altar of Elyvilon.
 19546 | D:14     | Found a glowing silver altar of Zin.
 19547 | D:14     | Found a glowing golden altar of the Shining One.
 19966 | D:14     | Found a gate to the Vaults.
 20246 | D:14     | Reached XP level 15. HP: 136/136 MP: 24/24
 20550 | D:15     | Entered Level 15 of the Dungeon
 21020 | D:15     | Found an opulent altar of Gozag.
 21339 | D:15     | Found a staircase to the Depths.
 21665 | Spider:1 | Entered Level 1 of the Spider Nest
 21666 | Spider:1 | Noticed an emperor scorpion
 21670 | Spider:1 | Banished an emperor scorpion
 21702 | Spider:1 | Reached skill level 10 in Dodging
 24382 | Spider:2 | Reached XP level 16. HP: 99/145 MP: 26/26
 25923 | Spider:3 | Identified the +2 tower shield of Articulation {Str+2}
 25923 | Spider:3 | Noticed Louise
 25947 | Spider:3 | Banished Louise
 27037 | Spider:4 | Entered Level 4 of the Spider Nest
 27054 | Spider:4 | Noticed Mara
 27057 | Spider:4 | Noticed Shard1697's illusion
 27102 | Spider:3 | Noticed Shard1697's illusion
 27119 | Spider:4 | Noticed Shard1697's illusion
 27360 | Spider:4 | Noticed Shard1697's illusion
 27803 | Spider:3 | Noticed Shard1697's illusion
 27986 | Spider:3 | Killed Mara
 28328 | Spider:4 | Noticed Roxanne
 29456 | Spider:4 | Got a gossamer rune of Zot
 29911 | Swamp:1  | Entered Level 1 of the Swamp
 30883 | Swamp:1  | Found a runed translucent door.
 30888 | Swamp:1  | Noticed hashsling's ghost (journeyman BaGl)
 30888 | Swamp:1  | Noticed a thorn hunter
 30900 | Swamp:1  | Identified the +3 spear of Iskoux {heavy, rF+++ rN+ Int+2
                  | Dex-2}
 31335 | Swamp:2  | Reached XP level 17. HP: 138/150 MP: 26/28
 31454 | Swamp:2  | Paralysed by a fenstrider witch for 3 turns
 32494 | Swamp:2  | Noticed Aizul
 32519 | Swamp:2  | Killed Aizul
 33034 | Swamp:3  | Noticed a tentacled monstrosity
 33054 | Swamp:3  | Killed a tentacled monstrosity
 33326 | Swamp:3  | Reached skill level 15 in Invocations
 33544 | Swamp:3  | Paralysed by a fenstrider witch for 4 turns
 33867 | Swamp:3  | Noticed Jorgrun
 33888 | Swamp:3  | Killed Jorgrun
 33951 | Swamp:3  | Noticed Bai Suzhen
 33953 | Swamp:3  | Banished Bai Suzhen
 33955 | Swamp:3  | Noticed Donald
 33956 | Swamp:3  | Banished Donald
 34283 | Swamp:4  | Entered Level 4 of the Swamp
 34815 | Swamp:4  | Got a decaying rune of Zot
 35145 | Swamp:4  | Reached skill level 15 in Shields
 35692 | Orc:1    | Entered Level 1 of the Orcish Mines
 35834 | Orc:2    | Entered Level 2 of the Orcish Mines
 35834 | Orc:2    | Found a staircase to the Elven Halls.
 36260 | Orc:2    | Noticed Rupert
 36260 | Orc:2    | Noticed Josephine
 36316 | Orc:2    | Banished Rupert
 36329 | Orc:2    | Killed Josephine
 36707 | Orc:2    | Found a radiant altar of Vehumet.
 36949 | Orc:2    | Found an ancient bone altar of Kikubaaqudgha.
 36971 | Orc:2    | Reached skill level 1 in Armour
 36997 | Orc:2    | Found Luafeog's Distillery.
 36997 | Orc:2    | Found Xittawy's Antique Weapon Emporium.
 37013 | Orc:2    | Found Adwaroe's Magic Scroll Shoppe.
 37055 | Orc:2    | Bought a scroll of enchant armour for 90 gold pieces
 37066 | Orc:2    | Bought a potion of might for 64 gold pieces
 37066 | Orc:2    | Bought 2 potions of heal wounds for 160 gold pieces
 37066 | Orc:2    | Bought a potion of mutation for 128 gold pieces
 37066 | Orc:2    | Bought a potion of might for 64 gold pieces
 37089 | Orc:2    | Found Tiopte's Book Shoppe.
 37325 | Vaults:1 | Entered Level 1 of the Vaults
 37409 | Depths:1 | Entered Level 1 of the Depths
 37914 | Elf:1    | Entered Level 1 of the Elven Halls
 37932 | Elf:1    | Gained mutation: You are weak. (Str -2) [a neqoxec]
 38224 | Orc:2    | Paralysed by an orc sorcerer for 5 turns
 38233 | Orc:2    | Paralysed by an orc sorcerer for 3 turns
 38235 | Orc:2    | HP: 1/154 [fire elemental[a deep elf pyromancer] (11)]
 38236 | Orc:2    | Slain by a fire elemental

Illustrated notes

Levels and vault maps discovered:
D:1:      matt_arrival_los_fun, layout_rooms,
          hellmonk_ecumenical_altar_arch_garden, hangedman_abyss_or_decor_stabs,
          minivault_11, dreamdust_wishing_well, minmay_misc_feat_tiny,
          skrybe_limestone_x
D:2:      layout_loops_cross
D:3:      layout_basic
D:4:      layout_basic, minmay_temple_entry_offerings, uniq_natasha
D:5:      layout_rooms, lemuel_mausoleum_altar_kikubaaqudgha,
          mainiacjoe_overflow_big_doors, serial_co_window_serial,
          co_window_paths_a, co_window_paths_a, co_window_paths_a,
          co_window_paths_a, co_window_of_opportunity_a,
          co_window_of_opportunity_a, co_window_paths_a, co_window_2corner,
          co_window_unsneaky_path_e, co_window_paths_c, co_window_corner_b,
          co_window_broadway_c, co_window_corner_cb, glass_columns_b,
          glass_columns_b, glass_columns_b, glass_columns_b,
          grunt_decor_fettered
D:6:      layout_loops_ring, nicolae_ossuary_entry_plus, corexii_checkpoint_a,
          serial_bayou_pond_d, chequers_serial_rivers_marsh, minivault_4,
          minmay_manual_mares
D:7:      layout_basic, uniq_duvessa, uniq_maggie
D:8:      layout_rooms, nicolae_qazlal_beasts_of_the_sky, david_lair_generic,
          gammafunk_ghost_nasty_kobolds
D:9:      layout_basic, mainiacjoe_overflow_swirl, uniq_gastronok, uniq_grum
D:10:     layout_loops_corners, uniq_nergalle, uniq_urug
D:11:     layout_loops_ring, david_orc_1_choice, grunt_qazlal_clouds
D:12:     layout_irregular_city, nicolae_uskayaw_en_pointe, uniq_psyche
D:13:     layout_grid_maze, nicolae_kite_square_tiling_tiny
D:14:     layout_loops_corners, david_vaults_4, good_gods_temple_1
D:15:     grunt_enter_depths_magical_seal, layout_irregular_city, serial_bayou,
          serial_bayou_pond_a, serial_bayou_shore_b, serial_bayou_ford_a,
          serial_bayou_shore_b, serial_bayou_pond_e,
          nicolae_gozag_cash_rules_everything_around_me
Lair:1:   layout_concentric_octagons, ebering_ghost_inner_flame,
          grunt_megastairs_1
Lair:2:   layout_gridlike, hellmonk_spider_entry_life_and_decay
Lair:3:   layout_loops_ring, minmay_swamp_entry_worms, nicolae_lair_lil_pond,
          st_stairs_5
Lair:4:   layout_cave_shapes, slime_entry_1
Lair:5:   grunt_lair_end_beastmaster, layout_layer_cave,
          portal_ice_cave_entry_imps, gammafunk_ghost_cemetery,
          infiniplex_staircase_pool, lemuel_fruit_tree
Swamp:1:  layout_falls_marsh, ebering_ghost_funeral_grove,
          evilmike_swamp_ruin_rubble_2, swamp_pool1, statue_in_the_mist_lemuel
Swamp:2:  nicolae_swamp_ascending_descending_big, layout_basic_swamp,
          evilmike_swamp_ruin_house_6, uniq_aizul
Swamp:3:  layout_falls_marsh, evilmike_swamp_ruin_house_1, swamp_pool3,
          uniq_jorgrun, uniq_donald, uniq_bai_suzhen
Swamp:4:  swamp, layout_basic_swamp
Spider:1: layout_spider_delve
Spider:2: layout_spider_delve, nicolae_spider_cling_ruins
Spider:3: layout_spider_delve, uniq_louise
Spider:4: grunt_spider_rune_parallel, uniq_roxanne, uniq_mara
Orc:1:    layout_diamond_mine
Orc:2:    kennysheep_orc_mage_school, layout_caves, uniq_josephine, uniq_rupert
Elf:1:    nicolae_elf_arrival_no_cutting_in_line, layout_loops_cross,
          serial_shops, shop, hangedman_elven_crosses_minicolossus,
          nicolae_elf_crossing_hall, lemuel_upstairs_altar, uniq_frances
Vaults:1: nicolae_vaults_little_squares_2, nicolae_vaults_security_offices_6,
          nicolae_vaults_six-pack, hangedman_vaults_unwind,
          nicolae_vaults_trapezoid_2, v_alt_pattern_4,
          nicolae_vaults_shrinking_rooms_1, v_misc_18, nicolae_vaults_network_s,
          v_misc_13, ontoclasm_vaults_gateway, hangedman_vaults_corner_blocks,
          nicolae_vaults_storage_closets_3, nicolae_vaults_trapezoid_4,
          grunt_vaults_hallway_long, nicolae_vaults_trapezoid_lopsided_2,
          ontoclasm_vaults_loading_screen, layout_vaults_maze_snakey
Depths:1: layout_cave_shapes, hell_entry, serial_shops,
          nicolae_shop_competitors_out_of_business, evilmike_ruin_ashenzari,
          grunt_pan_entry_sceptre, grunt_ministairs_9, st_stairs_13,
          hangedman_eye_storm, grunt_megastairs_5

Skill      XL: |  1  2  3  4  5  6  7  8  9 10 11 12 13 14 15 16 17 |
---------------+----------------------------------------------------+-----
Long Blades    | 3 4 5 6 7 8 9 10 12 13 14 | 14.2
Invocations    | 1 2 3 4 5 6 7 8 9 10 12 13 14 15 | 15.6
Shields        | 2 4 5 6 7 8 10 12 14 15 | 15.0
Fighting       | 2 4 6 8 10 11 | 11.0
Dodging        | 4 6 9 11 13 14 | 14.3
Armour         | 4 |  4.4
Throwing       | |  1.7

Action                     |  1- 3 |  4- 6 |  7- 9 | 10-12 | 13-15 | 16-18 || total
---------------------------+-------+-------+-------+-------+-------+-------++-------
  Melee: Long sword        |   127 |   188 |    53 |       |       |       ||   368
         Tailslap          |    14 |    24 |    54 |   144 |   287 |   319 ||   842
         Scimitar          |       |       |   266 |   753 |  1407 |  1274 ||  3700
         Rapier            |       |       |       |       |     5 |    69 ||    74
  Throw: Throwing net      |       |       |       |     4 |     3 |       ||     7
 Invoke: Banish            |       |     1 |       |     3 |    14 |    34 ||    52
         Corrupt           |       |       |       |       |     1 |       ||     1
  Evoke: Lightning rod     |       |       |       |       |     4 |       ||     4
         Wand              |       |       |       |       |     1 |     3 ||     4
    Use: Scroll            |       |       |    12 |    12 |     5 |     1 ||    30
         Potion            |       |       |     3 |     2 |     8 |     8 ||    21
   Stab: Sleeping          |       |     1 |     2 |     2 |     6 |       ||    11
         Held in net/web   |       |       |       |     3 |     4 |     1 ||     8
         Invisible         |       |       |       |     2 |       |       ||     2
         Distracted        |       |       |       |     1 |       |     1 ||     2
         Petrified         |       |       |       |       |     6 |       ||     6
 Armour: Leather armour    |    22 |   103 |   155 |   317 |   228 |   247 ||  1072
         Ring mail         |    26 |       |       |       |       |       ||    26
         Skin              |       |       |       |       |    18 |       ||    18
  Dodge: Dodged            |    53 |    95 |   119 |   287 |   657 |   870 ||  2081
  Block: Buckler           |     2 |    38 |    72 |    24 |       |       ||   136
         Kite shield       |       |       |       |   344 |  1386 |  1501 ||  3231
         Reflection        |       |       |       |       |    19 |    20 ||    39

Table legend: (Time is in decaauts)
 A = Elapsed time spent in this place.
 B = Non-inter-level travel time spent in this place.
 C = Inter-level travel time spent in this place.
 D = Time resting spent in this place.
 E = Time spent auto-exploring this place.
 F = Levels seen in this place.
 G = Mean time per level.
                   A        B        C        D        E       F      G
               +--------+--------+--------+--------+--------+-----+--------+
         Total |  37842 |  35489 |   2353 |   8481 |  18761 |  35 | 1081.2 |
       Dungeon |  15994 |  14801 |   1193 |   2034 |   9788 |  15 | 1066.3 |
          Lair |   6349 |   5965 |    384 |   1365 |   3118 |   5 | 1269.8 |
         Swamp |   5320 |   5121 |    199 |   1632 |   2538 |   4 | 1330.0 |
   Spider Nest |   7284 |   6834 |    450 |   2606 |   2375 |   4 | 1821.0 |
  Orcish Mines |   1740 |   1620 |    120 |    422 |    687 |   2 |  870.0 |
   Elven Halls |     48 |     48 |      0 |      0 |      0 |   1 |   48.0 |
        Vaults |      4 |      0 |      4 |      0 |      0 |   1 |    4.0 |
        Depths |      2 |      2 |      0 |      0 |      0 |   1 |    2.0 |
       Ossuary |    272 |    272 |      0 |      0 |    103 |   1 |  272.0 |
      Ice Cave |    824 |    824 |      0 |    419 |    151 |   1 |  824.0 |
               +--------+--------+--------+--------+--------+-----+--------+

Top non-repeatable levels by time:
Spider:3: 2327 daAuts
Spider:2: 1907 daAuts
  Lair:2: 1794 daAuts
 Swamp:2: 1724 daAuts
Spider:4: 1703 daAuts
     D:6: 1667 daAuts
    D:14: 1658 daAuts
  Lair:5: 1639 daAuts
 Swamp:3: 1637 daAuts
   Orc:2: 1449 daAuts
Spider:1: 1346 daAuts
     D:5: 1283 daAuts
    D:15: 1277 daAuts
  Lair:1: 1246 daAuts
    D:10: 1222 daAuts
